AoeStats
← BigOleGiraffe

Arena

510040638Analyzed
2v2 RM · 5d ago on Sep 29, 2026· 51m 28s· 4 players
Game mode
Random Map
Map size
Medium (4 player)
Population
200
Speed
Normal
Resources
Standard
Victory
Conquest
Starting age
Dark Age
Ending age
Imperial Age
RankedLock teamsTeams togetherTeam positionsShared explorationLock speedFull tech treeHidden civsTurbo modeCheats
Victory
Defeat
🇨🇱 Saracens · Chile
1049
+14
🇨🇱 Khmer · Chile
1042
+14
🇨🇦 Varangians · Canada
1045
-16
🇨🇦 Danes · Canada
944
-12
BigOleGiraffe
10:03 Feudal Age
14:21 Castle Age
14:03 Double-Bit Axe
23:38 Stone Mining
28:00 Wheelbarrow
28:14 Horse Collar
28:42 Scale Barding Armor
28:47 Forging
29:56 Chain Barding Armor
29:46 Forging
29:35 Fletching
30:03 Loom
30:35 Hand Cart
31:38 Bodkin Arrow
31:54 Forging
33:15 Bloodlines
33:06 Husbandry
34:45 Padded Archer Armor
35:49 Leather Archer Armor
36:09 Iron Casting
36:01 Gold Mining
40:08 Imperial Age
39:14 Ballistics
41:30 Plate Barding Armor
40:56 Bracer
40:19 Heavy Mounted Crossbowman
40:19 Cranequins
41:42 Ring Archer Armor
42:13 Blast Furnace
42:44 Chemistry
41:12 Cavalier
43:01 Siege Engineers
43:35 Heavy Plow
vince.dion123
11:00 Feudal Age
15:15 Castle Age
13:23 Loom
15:00 Double-Bit Axe
28:26 Imperial Age
33:20 Onager
35:33 Gold Mining
36:47 Ballistics
36:34 Siege Engineers
37:15 Bow Saw
37:38 Block Printing
37:24 Horse Collar
38:18 Conscription
39:05 Wheelbarrow
38:15 Town Watch
39:11 Gold Shaft Mining
38:26 Stone Mining
39:50 Fervor
40:01 Forging
39:52 Scale Mail Armor
40:39 Sanctity
40:32 Heavy Plow
41:45 Ballistics
42:26 Chemistry
40:52 Hamask
42:58 Squires
42:43 Arson
44:55 Chain Mail Armor
45:15 Iron Casting
46:56 Plate Mail Armor
47:09 Elite Jomsviking
47:09 Northmen's Fury
48:30 Hand Cart
48:15 Town Patrol
49:52 Blast Furnace
Gekyume
0:33 Loom
10:51 Feudal Age
14:50 Castle Age
27:24 Bloodlines
27:17 Husbandry
36:34 Imperial Age
43:29 Scale Barding Armor
45:18 Chain Barding Armor
45:54 Cavalier
48:24 Plate Barding Armor
pipe
6:09 Loom
12:35 Feudal Age
18:39 Castle Age
17:58 Double-Bit Axe
17:55 Horse Collar
21:42 Wheelbarrow
23:31 Hand Cart
28:49 Heavy Plow
36:03 Imperial Age
34:05 Gold Mining
34:27 Bow Saw
37:50 Two-Man Saw
39:06 Heavy Camel Rider
39:58 Bloodlines
40:02 Forging
40:17 Conscription
42:20 Gold Shaft Mining
42:33 Husbandry
43:43 Hoardings
44:30 Iron Casting
44:32 Scale Barding Armor
44:44 Elite Mameluke
46:27 Blast Furnace
46:50 Fletching
49:20 Counterweights
50:34 Bodkin Arrow
Connection lost

Rejoining the realm…

Still unreachable

The connection could not be restored.

Session expired

The server has moved on; the page needs a fresh start.